 Dungeon Crawl Stone Soup version 0.21-a0-264-g3e31e41 (webtiles) character file.

1224 Leszczynek the Grappler (level 8, -4/75 HPs)
             Began as a Troll Skald on Sept 9, 2017.
             Was a Follower of Cheibriados.
             Slain by a two-headed ogre
             ... wielding a +0 giant club
              (20 damage)
             ... on level 6 of the Dungeon.
             The game lasted 00:10:38 (1882 turns).

Leszczynek the Grappler (Troll Skald)               Turns: 1882, Time: 00:10:39

Health: -4/75      AC:  5    Str: 23    XL:     8   Next: 23%
Magic:  1/10       EV: 10    Int: 13    God:    Cheibriados [*.....]
Gold:   123        SH:  0    Dex: 13    Spells: 6/9 levels left

rFire    + + .     SeeInvis .     - Unarmed
rCold    + . .     Gourm    +   (no shield)
rNeg     . . .     Faith    .   i - +0 robe {rC+ rF+}
rPois    .         Spirit   .   (helmet restricted)
rElec    .         Reflect  .   (no cloak)
rCorr    .         Harm     .   (gloves unavailable)
MR       .....                  (boots unavailable)
Stlth    +.........             (no amulet)
HPRegen  0.62/turn              o - ring of protection from fire
MPRegen  0.12/turn              (no ring)

@: very slow
A: unfitting armour, claws 3, fast metabolism 3, gourmand, regeneration 1,
shaggy fur 1, tough skin 2
a: Bend Time, Renounce Religion


You were on level 6 of the Dungeon.
You worshipped Cheibriados.
Cheibriados was aware of your devotion.
You were very full.

You visited 1 branch of the dungeon, and saw 6 of its levels.

You collected 123 gold pieces.

Inventory:

Hand Weapons
 q - a +0 blowgun
Missiles
 h - 13 tomahawks (quivered)
Armour
 i - a +0 robe of resistance (worn)
 l - a scarf of spirit shield
Jewellery
 o - a ring of protection from fire (left claw)
Scrolls
 a - a scroll of enchant weapon {unknown}
 c - a scroll of remove curse {unknown}
 k - a scroll of amnesia {unknown}
 n - a scroll of noise {unknown}
 r - a scroll of magic mapping {unknown}
 t - 2 scrolls of identify {@r1}
Potions
 e - 2 potions of curing {@q1}
 g - a potion of berserk rage {unknown}
 j - 2 potions of cancellation
 m - a potion of might {unknown}
 s - a potion of agility {unknown}
 u - a potion of flight {unknown}
Books
 b - a book of Battle

   Spells                             Type                      Level
   a - Infusion                       Charms                       1
   b - Shroud of Golubria             Charms/Translocation         2
   c - Song of Slaying                Charms                       2
   d - Spectral Weapon                Hexes/Charms                 3
   e - Regeneration                   Charms/Necromancy            3
Comestibles
 d - 5 bread rations
 f - 4 chunks of flesh
 p - 7 fruits


   Skills:
 * Level 3.0 Fighting
 - Level 1.9 Dodging
 + Level 8.2 Unarmed Combat
 - Level 1.2 Spellcasting
 - Level 2.0 Charms
 + Level 4.1 Invocations


You had 6 spell levels left.
You knew the following spells:

 Your Spells              Type           Power        Failure   Level  Hunger
a - Infusion              Chrm           #...         12%         1    ##.....
b - Shroud of Golubria    Chrm/Tloc      #.........   28%         2    ###....


Dungeon Overview and Level Annotations

Branches:
Dungeon (6/15)
 Temple: D:4-7

Altars:
Cheibriados


Innate Abilities, Weirdness & Mutations

You are too large for most types of armour.
You have claws for hands.
Your metabolism is lightning-fast.
You like to eat raw meat.
Your natural rate of healing is unusually fast.
You are covered in fur. (AC +1)
You have very tough skin. (AC +2)


Message History

The two-headed ogre resists with some effort.
You feel slightly less full. The flow of time bends around you.
Cheibriados rebukes the two-headed ogre.
The two-headed ogre seems to slow down.
You feel slightly less full. The two-headed ogre closely misses you.
The two-headed ogre barely misses you.
You scratch the two-headed ogre.
The two-headed ogre is lightly wounded.
You scratch the two-headed ogre.
The two-headed ogre is lightly wounded.
The two-headed ogre hits you with a giant club!!
The two-headed ogre hits you with a giant club!
You claw the two-headed ogre!
The two-headed ogre is moderately wounded.
You scratch the two-headed ogre.
The two-headed ogre is heavily wounded.
The two-headed ogre hits you with a giant club!!
* * * LOW HITPOINT WARNING * * *
The two-headed ogre hits you with a giant club!!
You die...

#################################
..........+.............#......#.
..........#.............#......'.
..........#.............#..>...#.
..........#.............#......#.
..........#.....@O......#......#.
..###...###..##.####....##...###.
..###...###..##.####....##...# #
..................#......#...#
.............)....#......#...#
............[.....#......'...#
..................#......#...#
...........[......#......#...#
..##.#####...#######...###...#


You could see a two-headed ogre.

Vanquished Creatures
  The ghost of pivotal the Sneak, a novice OpIE (D:3)
  An ice beast (D:5)
  A sky beast (D:6)
  2 ogres
  A big kobold (D:6)
  A jelly (D:6)
  A scorpion (D:6)
  A howler monkey (D:6)
  A hound (D:6)
  3 orc wizards
  2 iguanas (D:6)
  2 worker ants (D:6)
  A hound zombie (D:5)
  7 gnolls
  3 adders
  An ooze (D:2)
  An adder skeleton (D:5)
  2 worms (D:2)
  2 dart slugs (D:1)
  2 leopard geckos (D:3)
  9 orcs
  3 ball pythons
  3 giant cockroaches
  2 hobgoblins
  8 jackals
  13 kobolds
  3 quokkas
  3 bats
  5 frilled lizards
  9 goblins
  A leopard gecko zombie (D:6)
  10 rats
105 creatures vanquished.

Notes
Turn   | Place    | Note
-------+----------+-------------------------------------------
     0 | D:1      | Leszczynek the Troll Skald began the quest for the Orb.
     0 | D:1      | Reached XP level 1. HP: 19/19 MP: 1/1
   119 | D:1      | Reached XP level 2. HP: 27/27 MP: 2/2
   123 | D:1      | Learned a level 2 spell: Shroud of Golubria
   161 | D:1      | Reached skill level 3 in Unarmed Combat
   366 | D:1      | Reached XP level 3. HP: 27/33 MP: 0/3
   456 | D:1      | Reached skill level 4 in Unarmed Combat
   474 | D:1      | Reached XP level 4. HP: 35/41 MP: 1/4
   506 | D:3      | Noticed pivotal's ghost (novice OpIE)
   825 | D:3      | Reached skill level 5 in Unarmed Combat
   830 | D:3      | Reached XP level 5. HP: 20/48 MP: 5/5
   847 | D:3      | Found a snail-covered altar of Cheibriados.
   852 | D:3      | Became a worshipper of Cheibriados the Contemplative
   994 | D:3      | Killed pivotal's ghost
   994 | D:3      | Reached skill level 6 in Unarmed Combat
   994 | D:3      | Reached skill level 2 in Invocations
   994 | D:3      | Reached XP level 6. HP: 48/55 MP: 6/6
  1181 | D:3      | Reached * piety under Cheibriados
  1272 | D:5      | Entered Level 5 of the Dungeon
  1419 | D:6      | Noticed a sky beast
  1425 | D:6      | Killed a sky beast
  1425 | D:6      | Reached skill level 7 in Unarmed Combat
  1425 | D:6      | Reached XP level 7. HP: 62/62 MP: 6/8
  1465 | D:6      | Reached skill level 3 in Invocations
  1583 | D:5      | Reached skill level 2 in Fighting
  1583 | D:5      | Reached skill level 8 in Unarmed Combat
  1643 | D:6      | Reached XP level 8. HP: 68/74 MP: 9/9
  1749 | D:6      | Reached skill level 4 in Invocations
  1798 | D:6      | Reached skill level 3 in Fighting
  1862 | D:6      | Noticed a two-headed ogre
  1882 | D:6      | Slain by a two-headed ogre

Vault maps used:
D:1:      elethiomel_arrival_infinity_welcomes_careful_drivers
D:3:      lemuel_castle_with_subvaults, cheibriados_altar_1
D:4:      first_bread
D:6:      uniq_crazy_yiuf_cottage

Skill      XL: |  1  2  3  4  5  6  7  8 |
---------------+-------------------------+-----
Unarmed Combat | 3 4 5 6 7 8 |  8.2
Invocations    | 2 3 4 |  4.1
Fighting       | 2 3 |  3.0
Dodging        | |  1.9
Spellcasting   | |  1.2
Charms         | |  2.0

Action                   |  1- 3 |  4- 6 |  7- 9 || total
-------------------------+-------+-------+-------++-------
Melee: Unarmed           |    74 |   131 |    90 ||   295
       Punch             |       |     3 |     1 ||     4
 Cast: Shroud of Golubri |     2 |     1 |       ||     3
Invok: Bend Time         |       |       |     5 ||     5
  Use: Potion            |       |     1 |       ||     1
       Scroll            |       |     2 |       ||     2
 Stab: Sleeping          |       |       |     1 ||     1
  Eat: Chunk             |     8 |    11 |     2 ||    21
Armor: Robe              |    23 |    52 |    28 ||   103
Dodge: Dodged            |    34 |    68 |    37 ||   139

Table legend:
 A = Spawn XP
 B = Non-spawn XP
 C = Spawn XP percentage of total XP
 D = Spawn monster count
 E = Non-spawn monster count
 F = Spawn count percentage of total count
 G = Total turns spent on level
                    A         B        C        D         E        F      G
               +---------+---------+-------+---------+---------+-------+---------
         Total |       0 |    1749 |   0.0 |       0 |     105 |   0.0 |  1882
               +---------+---------+-------+---------+---------+-------+---------
           D:1 |       0 |     100 |   0.0 |       0 |      30 |   0.0 |   475
           D:2 |       0 |      41 |   0.0 |       0 |      18 |   0.0 |   288
           D:3 |       0 |     518 |   0.0 |       0 |      26 |   0.0 |   311
           D:4 |       0 |      49 |   0.0 |       0 |       4 |   0.0 |   198
           D:5 |       0 |     271 |   0.0 |       0 |       4 |   0.0 |   220
           D:6 |       0 |     770 |   0.0 |       0 |      23 |   0.0 |   390
               +---------+---------+-------+---------+---------+-------+---------
